 Dungeon Crawl Stone Soup version 0.15.2 (webtiles) character file.

25 glosham the Skirmisher (level 2, 0/24 HPs)
             Began as a Mummy Death Knight on Apr 2, 2018.
             Was a Follower of Yredelemnul.
             Slain by an orc
             ... wielding a +0 flail
              (12 damage)
             ... on Level 3 of the Dungeon.
             The game lasted 00:03:00 (214 turns).

glosham the Skirmisher (Mummy Death Knight)          Turns: 214, Time: 00:03:00

HP   0/24        AC  3     Str 16      XL: 2   Next: 86%
MP   2/2         EV 10     Int 10      God: Yredelemnul [*.....]
Gold 23          SH  0     Dex 11      Spells:  0 memorised,  1 level left

rFire  x . .     SeeInvis .     a - +1 mace
rCold  + . .     Clarity  .     b - +0 leather armour
rNeg   + + +     rCorr    .     (no shield)
rPois  +         rRot     +     (no helmet)
rElec  .         Spirit   .     (no cloak)
SustAb .         Warding  .     (no gloves)
rMut   .         Stasis   .     (no boots)
Gourm  .                        (no amulet)
MR     .....                    (no ring)
                                (no ring)

@: not resistant to hostile enchantments, very unstealthy
A: no food or potions, fire vulnerability, restore body, cold resistance 1,
negative energy resistance 3, poison resistance, torment resistance, unbreathing
a: Animate Remains, Renounce Religion


You were on level 3 of the Dungeon.
You worshipped Yredelemnul.
Yredelemnul was aware of your devotion.
You were not hungry.

You visited 1 branch of the dungeon, and saw 3 of its levels.

You collected 23 gold pieces.

Inventory:

Hand weapons
 a - a +1 mace (weapon)
 e - a +0 club
 g - a +0 hand axe
 h - a cursed +0 short sword
Missiles
 c - 17 stones (quivered)
 d - 27 poisoned needles
Armour
 b - a +0 leather armour (worn)
Scrolls
 f - a scroll of identify {unknown}


   Skills:
 * Level 3.4 Fighting
 - Level 1.5 Maces & Flails
 - Level 0.7 Armour
 - Level 0.7 Dodging
 - Level 2.4 Invocations


You had one spell level left.
You didn't know any spells.

Dungeon Overview and Level Annotations

Branches:
Dungeon (3/15)

Altars:


Innate Abilities, Weirdness & Mutations

You do not eat or drink.
Your flesh is vulnerable to fire.
Your flesh is cold resistant.
You are immune to negative energy.
Your system is resistant to poisons.
You are immune to unholy pain and torment.
You can survive without breathing.


Message History

You hit the orc.
The orc is almost dead.
The orc closely misses you.
You hit the orc.
You kill the orc!
Yredelemnul accepts your kill. The rat misses you.
You hit the rat.
The rat is heavily wounded.
The rat closely misses you.
You sock the rat!
You kill the rat!
Yredelemnul accepts your kill. The giant newt barely misses you.
You miss the giant newt. The giant newt barely misses you.
You closely miss the giant newt. The giant newt closely misses you.
The giant newt barely misses you.
You hit the giant newt.
You kill the giant newt!
Yredelemnul accepts your kill.
You hit the orc.
The orc is moderately wounded.
The orc hits you with a hand axe.
You closely miss the orc.
The orc is moderately wounded.
The orc hits you with a hand axe. The orc hits you but does no damage.
You hit the orc.
You kill the orc!
Yredelemnul accepts your kill.
An orc comes into view. It is wielding a flail.
Items here: % )) [ a hand axe; a dagger; a ring mail; a rat corpse You barely miss the orc.
The orc hits you with a flail.
A giant gecko comes into view.
You hit the orc.
The orc is moderately wounded.
The orc barely misses you. The orc hits you with a flail!
Ouch! That really hurt!
You die...
Yredelemnul claims you as an undead slave.

# .# #### #.# #..
##l# #.# o.# #.#
#.#####o# ## #.#
#.....@## #.# #.#
#######.## #.. #.#
##.###.#
#.###############.#.#
#.##.......<...###.#
#.##.#########.# #.#
#.#.#.########.###.#
#..###.............#
#.## ##.#.####.#####


You could see 2 orcs and a giant gecko.

Vanquished Creatures
  An adder (D:3)
  A giant mite (D:2)
  2 orcs (D:3)
  A hobgoblin (D:2)
  A bat (D:2)
  A giant gecko (D:2)
  A giant newt (D:3)
  A kobold (D:2)
  3 rats
12 creatures vanquished.

Notes
Turn   | Place    | Note
--------------------------------------------------------------
     0 | D:1      | glosham, the Mummy Death Knight, began the quest for the Orb.
     0 | D:1      | Reached XP level 1. HP: 16/16 MP: 1/1
    39 | D:2      | Reached XP level 2. HP: 14/23 MP: 2/2
   130 | D:3      | Reached skill level 3 in Fighting
   214 | D:3      | Slain by an orc

Action                   || total
-------------------------++-------
Melee: Mace              ||    30
Throw: Stone             ||     7

Table legend:
 A = Turns spent in this place as a percentage of turns spent in the entire game.
 B = Non-inter-level travel turns spent in this place as a percentage of non-inter-level travel turns spent in the entire game.
 C = Inter-level travel turns spent in this place as a percentage of turns spent in this place.
 D = Turns resting spent in this place as a percentage of non-inter-level travel turns spent in this place.
 E = Turns spent auto-exploring this place as a percentage of non-inter-level travel turns spent in this place.
 F = Non-inter-level travel turns spent in this place divided by the number of levels of this place that you've seen.
                   A       B       C       D       E      F
               +-------+-------+-------+-------+-------+----------------------
         Total | 100.0 | 100.0 |   0.0 |   0.0 |   0.0 |  62.7
       Dungeon | 100.0 | 100.0 |   0.0 |   0.0 |   0.0 |  62.7
               +-------+-------+-------+-------+-------+----------------------

Table legend:
 A = Kills in this place as a percentage of kills in entire the game.
 B = Kills by you in this place as a percentage of kills by you in the entire game.
 C = Kills by friends in this place as a percentage of kills by friends in the entire game.
 D = Other kills in this place as a percentage of other kills in the entire game.
 E = Experience gained in this place as a percentage of experience gained in the entire game.
 F = Experience gained in this place divided by the number of levels of this place that you have seen.
                   A       B       C       D       E      F
               +-------+-------+-------+-------+-------+----------------------
         Total | 100.0 | 100.0 |  -nan |  -nan | 100.0 |  12.3
       Dungeon | 100.0 | 100.0 |  -nan |  -nan | 100.0 |  12.3
               +-------+-------+-------+-------+-------+----------------------

Vault maps used:
D:1:      dpeg_arrival_water_fire
D:2:      cheibriados_altar_wand_db, first_bread
D:3:      kennysheep_goblin_castle
